 Dungeon Crawl Stone Soup version 0.19-a0-667-g8a1b79c (webtiles) character file.

205 TheGoonsmith the Conjurer (level 5, -1/28 HPs)
             Began as a Gargoyle Fire Elementalist on June 16, 2016.
             Slain by an ogre
             ... wielding a +0 giant club
              (29 damage)
             ... on level 4 of the Dungeon.
             The game lasted 00:04:56 (3116 turns).

TheGoonsmith the Conjurer (GrFE)                    Turns: 3116, Time: 00:04:58

Health: -1/28      AC:  7    Str: 11    XL:     5   Next: 83%
Magic:  7/10       EV: 11    Int: 17    God:
Gold:   248        SH:  0    Dex: 10    Spells: 3 memorised, 2 levels left

rFire  . . .     SeeInvis .     y - +1 mace
rCold  + . .     Gourm    +     e - +0 leather armour {rC+}
rNeg   + . .     Faith    .     (no shield)
rPois  ∞         Spirit   .     (no helmet)
rElec  +         Dismiss  .     (no cloak)
rCorr  .         Reflect  .     (no gloves)
SustAt +         Harm     .     (no boots)
MR     .....                    o - amulet of the gourmand
Stlth  ++........               (no ring)
                                n - ring of sustain attributes

@: not resistant to hostile enchantments, unstealthy
A: negative energy resistance 1, electricity resistance, unbreathing,
petrification resistance, rot immunity, AC +4
a: no special abilities


You were on level 4 of the Dungeon.
You were very full.

You visited 1 branch of the dungeon, and saw 4 of its levels.

You collected 248 gold pieces.

Inventory:

Hand Weapons
 d - a +0 dagger
 g - a +0 whip
 y - a +1 mace (weapon)
Armour
 a - a +0 robe
 e - a +0 leather armour of cold resistance (worn)
Jewellery
 n - a ring of sustain attributes (left hand)
 o - an amulet of the gourmand (around neck)
Wands
 i - a wand of flame (7/48)
 l - a wand of enslavement (10/24)
Scrolls
 j - 2 scrolls of fog
 r - a scroll of recharging
 s - 2 scrolls of identify
 u - 2 scrolls of remove curse
Potions
 f - a potion of agility
 h - a potion of invisibility {unknown}
 m - 2 potions of heal wounds
 p - a potion of brilliance {unknown}
 w - a potion of might {unknown}
 x - 2 potions of lignification
 z - a potion of curing {unknown}
Books
 b - a book of Flames

   Spells                             Type                      Level
   a - Flame Tongue                   Conjuration/Fire             1
   b - Throw Flame                    Conjuration/Fire             2
   c - Conjure Flame                  Conjuration/Fire             3
   d - Inner Flame                    Hexes/Fire                   3
   e - Sticky Flame                   Conjuration/Fire             4
   f - Fireball                       Conjuration/Fire             5
 k - a book of Battle

   Spells                             Type                      Level
   a - Infusion                       Charms                       1
   b - Shroud of Golubria             Charms/Translocation         2
   c - Song of Slaying                Charms                       2
   d - Spectral Weapon                Hexes/Charms                 3
   e - Regeneration                   Charms/Necromancy            3
Comestibles
 c - 3 bread rations
 q - a meat ration


   Skills:
 - Level 1.5 Dodging
 - Level 2.1 Stealth
 + Level 3.4 Spellcasting
 * Level 4.1 Conjurations
 * Level 4.0 Fire Magic


You had 2 spell levels left.
You knew the following spells:

 Your Spells              Type           Power        Failure   Level  Hunger
a - Flame Tongue          Conj/Fire      ###..        6%          1    None
c - Conjure Flame         Conj/Fire      ###.....     14%         3    ###....
s - Sticky Flame          Conj/Fire      ###.....     50%         4    ####...


Dungeon Overview and Level Annotations

Branches:
Dungeon (4/15)
 Temple: D:4-7

Altars:
Qazlal
Ru

Shops:
D:4 :(}


Innate Abilities, Weirdness & Mutations

You are resistant to torment.
Your stone body is resilient. (AC +4)
You are immune to poison.
You resist negative energy. (rN+)
You are resistant to electric shocks. (rElec)
You can survive without breathing.
You are immune to petrification.
You are immune to rotting.


Message History

Aim: an ogre, wielding a giant club The flame tongue hits the ogre.
The ogre is lightly wounded.
Casting: Flame Tongue
Confirm with . or Enter, or press ? or * to list all spells.
Aiming: Flame Tongue
Press: ? - help, Shift-Dir - straight line, f/p - ogre
Aim: an ogre, wielding a giant club (lightly wounded)
The flame tongue hits the ogre.
The ogre is moderately wounded.
Casting: Flame Tongue
Confirm with . or Enter, or press ? or * to list all spells.
Aiming: Flame Tongue
Press: ? - help, Shift-Dir - straight line, f/p - ogre
Aim: an ogre, wielding a giant club (moderately wounded)
The flame tongue hits the ogre.
The ogre is severely wounded.
The ogre hits you with a giant club!!
Ouch! That really hurt!
You die...

..............##.......
.......8.∩.8..##.......
............#.##..♣....
........8..#.##♣.∩.♣..
+#........'.##..♣....
#........####.......
+........# #.......
#........# #.......
#..@.....# #.......
##O####### ######## #.
#. #. #. #. #.


You could see an ogre.

Vanquished Creatures
  A necrophage (D:4)
  A crimson imp (D:4)
  3 adders
  An ooze (D:2)
  An adder skeleton (D:4)
  3 worms
  3 orcs
  4 giant cockroaches
  5 goblins
  4 hobgoblins
  A jackal (D:3)
  A ball python (D:4)
  4 bats
  3 kobolds
  5 rats
40 creatures vanquished.

Notes
Turn   | Place    | Note
--------------------------------------------------------------
     0 | D:1      | TheGoonsmith the Gargoyle Fire Elementalist began the quest for the Orb.
     0 | D:1      | Reached XP level 1. HP: 10/10 MP: 3/3
   239 | D:1      | Reached XP level 2. HP: 15/15 MP: 3/5
   664 | D:2      | Found a stormy altar of Qazlal.
   798 | D:2      | Reached XP level 3. HP: 19/19 MP: 3/6
  1671 | D:3      | Found a sacrificial altar of Ru.
  2225 | D:4      | Learned a level 3 spell: Conjure Flame
  2237 | D:4      | Reached XP level 4. HP: 17/24 MP: 2/8
  2293 | D:4      | Learned a level 4 spell: Sticky Flame
  2478 | D:4      | Found Yhuar's Book Shop.
  2563 | D:4      | Reached XP level 5. HP: 15/28 MP: 9/9
  2755 | D:4      | Noticed an ogre
  3015 | D:4      | Found Malodeodgh's Gadget Shoppe.
  3016 | D:4      | Noticed a necrophage
  3016 | D:4      | Found Serph's Weapon Boutique.
  3024 | D:4      | Killed a necrophage
  3112 | D:4      | Noticed an ogre
  3116 | D:4      | Slain by an ogre

Vault maps used:
D:1:      minmay_arrival_stone_box
D:2:      lemuel_crystal_altar, kennysheep_generic_room_11
D:3:      nicolae_ru_the_path_less_chosen, first_bread
D:4:      serial_shops, shop_fountains, nicolae_shop_statue_plus,
          nicolae_shop_trees, nicolae_underground_beach

Skill      XL: |  1  2  3  4  5 |
---------------+----------------+-----
Conjurations   | 2 3 4 |  4.1
Spellcasting   | 3 |  3.4
Fire Magic     | 4 |  4.0
Dodging        | |  1.5
Stealth        | |  2.1

Action                   |  1- 3 |  4- 6 || total
-------------------------+-------+-------++-------
Melee: Unarmed           |     4 |       ||     4
       Dagger            |     3 |       ||     3
       Whip              |     5 |       ||     5
       Mace              |     5 |    64 ||    69
 Cast: Flame Tongue      |    63 |    30 ||    93
  Use: Scroll            |    10 |       ||    10
 Stab: Sleeping          |     1 |       ||     1
  Eat: Chunk             |    10 |     6 ||    16
Armor: Leather armour    |     9 |    30 ||    39
Dodge: Dodged            |    25 |    53 ||    78
